 Dungeon Crawl Stone Soup version bcrawl-1.12-11-gb93c957c58 (console) character file.

Game seed: 15240962953306234178

86 Lexodia the Sneak (level 4, -6/27 HPs)
             Began as a Gargoyle Archaeologist on July 3, 2019.
             Was an Initiate of Makhleb.
             Killed by divine providence
             ... invoked by an orc priest
              (11 damage)
             ... on level 3 of the Dungeon.
             The game lasted 00:03:34 (2169 turns).

Lexodia the Sneak (Gargoyle Archaeologist)          Turns: 2169, Time: 00:03:34

Health: -6/27      AC: 14    Str: 16    XL:     4   Next: 50%
Magic:  4/4        EV: 11    Int: 14    God:    Makhleb [......]
Gold:   174        SH:  0    Dex:  8    Spells: 3/3 levels left

rFire    . . .     SeeInvis .   h - +0 hand axe
rCold    . . .     Gourm    .   (no shield)
rNeg     + . .     Faith    .   i - +0 ring mail
rPois    ∞         Spirit   .   b - +1 hat
rElec    +         Reflect  .   l - +0 cloak (curse)
rCorr    .         Harm     .   d - +1 pair of gloves
MR       .....                  c - +1 pair of boots
Stlth    ++........             (no amulet)
HPRegen  0.09/turn              (no ring)
MPRegen  0.09/turn              (no ring)

@: studying Shields
A: negative energy resistance 1, electricity resistance, unbreathing,
petrification resistance, rot immunity, AC +3
a: Renounce Religion


You were on level 3 of the Dungeon.
You worshipped Makhleb.
Makhleb was noncommittal.
You were hungry.

You visited 1 branch of the dungeon, and saw 3 of its levels.

You collected 174 gold pieces.

Inventory:

Hand Weapons
 h - a +0 hand axe (weapon)
Armour
 a - a +1 robe
 b - a +1 hat (worn)
 c - a +1 pair of boots (worn)
 d - a +1 pair of gloves (worn)
 i - a +0 ring mail (worn)
 l - a cursed +0 cloak (worn)
Scrolls
 j - a scroll of immolation {unknown}
 k - a scroll of identify {unknown}
 m - a scroll of magic mapping {unknown}
 n - a scroll of fear {unknown}
 o - a scroll of remove curse {unknown}
 r - a scroll of enchant weapon {unknown}
 u - a scroll of amnesia {unknown}
Potions
 p - a potion of heal wounds {unknown}
 q - 3 potions of agility {unknown}
 s - 4 potions of flight {unknown}
 t - a potion of mutation {unknown}
Books
 e - a manual of Shields
Miscellaneous
 f - an ancient crate
Comestibles
 g - 3 rations {!d}


   Skills:
 - Level 2.4 Fighting
 + Level 0.4 Armour
 - Level 3.0 Dodging
 - Level 4.0 Stealth
 * Level 3.2 Shields


You had 3 spell levels left.
You didn't know any spells.
Your spell library was empty.

Dungeon Overview and Level Annotations

Branches:
Dungeon (3/12)

Altars:
Makhleb


Innate Abilities, Weirdness & Mutations

You are resistant to torment.
Your stone body is resilient. (AC +3)
You are immune to poison.
You resist negative energy. (rN+)
You are resistant to electric shocks. (rElec)
You can survive without breathing.
You are immune to petrification.
You are immune to rotting.


Message History

The orc priest is heavily wounded.
You closely miss the crimson imp.
The crimson imp hits you but does no damage.
The orc priest barely misses you.
You hit the orc priest but do no damage.
The orc priest is heavily wounded.
You barely miss the crimson imp.
The crimson imp hits you but does no damage.
The orc priest barely misses you.
You hit the orc priest but do no damage.
The orc priest is heavily wounded.
You miss the crimson imp. The crimson imp closely misses you.
The orc priest hits you but does no damage.
You hit the orc priest.
The orc priest is severely wounded.
You hit the crimson imp but do no damage.
The crimson imp hits you but does no damage.
The orc priest mumbles some strange prayers to Beogh against you.
Beogh smites you!
You die...

#.# .#.
#.# .#.
#.# #.
########.#
#........#
#.########
#.# #5#
#@# #o#
#K# #o#
#.. ###


You could see an orc priest, a crimson imp, an orc and a kobold.

Vanquished Creatures
  A hound (D:2)
  An ooze (D:3)
  2 worms
  A dart slug (D:1)
  5 leopard geckos
  3 orcs (D:3)
  7 bats
  A giant cockroach (D:1)
  2 goblins (D:1)
  5 hobgoblins
  4 kobolds
  A ball python (D:1)
  2 frilled lizards (D:1)
  2 rats (D:1)
37 creatures vanquished.

Notes
Turn   | Place    | Note
-------+----------+-------------------------------------------
     0 | D:1      | Lexodia the Gargoyle Archaeologist began the quest for the
                  | Orb.
     0 | D:1      | Reached XP level 1. HP: 12/12 MP: 1/1
    66 | D:1      | Reached skill level 4 in Stealth
   118 | D:1      | Reached XP level 2. HP: 16/16 MP: 2/2
   833 | D:1      | Reached XP level 3. HP: 21/21 MP: 3/3
  1115 | D:2      | Reached skill level 1 in Shields
  1154 | D:2      | Found a burning altar of Makhleb.
  1185 | D:2      | Reached XP level 4. HP: 11/27 MP: 4/4
  1190 | D:2      | Became a worshipper of Makhleb the Destroyer
  1845 | D:3      | Noticed an ogre
  2169 | D:3      | Killed from afar by an orc priest

Skill      XL: |  1  2  3  4 |
---------------+-------------+-----
Stealth        | 4 |  4.0
Fighting       | 2 |  2.4
Shields        | 2 3 |  3.2
Dodging        | 3 |  3.0
Armour         | |  0.4

Action                   |  1- 3 |  4- 6 || total
-------------------------+-------+-------++-------
Melee: Unarmed           |   160 |       ||   160
       Hand axe          |    71 |    72 ||   143
 Stab: Sleeping          |     3 |     2 ||     5
  Eat: Chunk             |     1 |     3 ||     4
Armor: Robe              |    59 |       ||    59
       Ring mail         |    65 |    39 ||   104
       Skin              |     4 |       ||     4
Dodge: Dodged            |   186 |    33 ||   219
